 Dungeon Crawl Stone Soup version 0.30-a0-377-g5cb311bc9f (webtiles) character file.

Game seed: 13104449247695691412

282 scionoferis the Ruffian (level 6, -10/59 HPs)
             Began as a Troll Earth Elementalist on Nov 29, 2022.
             Mangled by an ogre
             ... wielding a +0 giant club
              (20 damage)
             ... on level 4 of the Dungeon.
             The game lasted 00:05:54 (2163 turns).

scionoferis the Ruffian (Troll Earth Elementalist)  Turns: 2163, Time: 00:05:54

Health: -10/59     AC:  5    Str: 17    XL:     6   Next: 6%
Magic:  6/6        EV: 10    Int: 13    God:
Gold:   148        SH:  0    Dex: 10    Spells: 6/7 levels left

rFire   . . .      SeeInvis +      - Unarmed
rCold   . . .      Faith    .    (no shield)
rNeg    . . .      Spirit   .    a - +0 robe
rPois   .          Reflect  .    (helmet restricted)
rElec   .          Harm     .    u - +0 cloak
rCorr   .          Rampage  .    (gloves unavailable)
Will    .....                    (boots unavailable)
Stlth   +.........               e - amulet of regeneration
HPRegen 1.89/turn                k - ring of see invisible
MPRegen 0.10/turn                (no ring)

@: no status effects
A: large, unfitting armour, claws 3, regeneration 1, shaggy fur 1, tough skin 1
a: no special abilities


You were on level 4 of the Dungeon.
You visited 1 branch of the dungeon, and saw 4 of its levels.

You collected 148 gold pieces.


Innate Abilities, Weirdness & Mutations

You are too large for most types of armour.
You have claws for hands.
Your natural rate of healing is unusually fast.
You are covered in fur. (AC +1)
You have tough skin. (AC +1)


   Skills:
 + Level 2.4 Fighting
 + Level 2.1 Dodging
 - Level 1.0 Stealth
 * Level 4.6 Unarmed Combat
 - Level 1.2 Spellcasting
 - Level 0.6 Transmutations
 - Level 2.6 Earth Magic


You had 6 spell levels left.
You knew the following spells:

 Your Spells              Type           Power      Damage    Failure   Level
a - Sandblast             Erth           14%        2d6       9%          1

Your spell library contained the following spells:

 Spells                   Type           Power      Damage    Failure   Level
 Passwall                 Tmut/Erth      4%         N/A       22%         2
 Stone Arrow              Conj/Erth      8%         3d7       43%         3
 Petrify                  Tmut/Erth      5%         N/A       80%         4

Inventory:

Missiles
 c - 53 stones
 l - 6 javelins
 q - 6 poisoned darts (quivered)
Armour
 a - a +0 robe (worn)
 u - a +0 cloak (worn)
   (You took it off Crazy Yiuf on level 3 of the Dungeon)
Jewellery
 e - an amulet of regeneration (around neck)
   (You found it on level 1 of the Dungeon)
 k - a ring of see invisible (left claw)
   (You found it on level 1 of the Dungeon)
Scrolls
 g - 3 scrolls of vulnerability {unknown}
 h - 2 scrolls of identify {unknown}
 m - a scroll of torment {unknown}
 n - a scroll of acquirement {unknown}
 r - a scroll of blinking {unknown}
 v - a scroll of butterflies {unknown}
 w - a scroll of noise {unknown}
Potions
 b - a potion of magic
 d - 3 potions of heal wounds
 f - 3 potions of brilliance {unknown}
 i - a potion of flight {unknown}
 j - 3 potions of might {unknown}
 o - a potion of curing {unknown}
 p - 3 potions of haste {unknown}
 s - a potion of lignification {unknown}
 t - 2 potions of cancellation {unknown}
 x - a potion of attraction {unknown}

Dungeon Overview and Level Annotations

Branches:
Dungeon (4/15)
 Temple: D:4-7

Altars:
Fedhas

Annotations:
D:2 Sigmund
D:3 exclusion: scorpion

#.. #.#
#.# #.#
#.# #.#
#O# #@#
#.# #. #.#
#.# ###.#
#.# #...##
#.#
#.#..####
#.#
#.##....#
#.##### #
##♣♣.♣
#.#.#.###
♣.♣
##...#....


You could see an ogre.


Message History

You kill the ball python!
You have reached level 2!
You start putting on your amulet.
You continue putting on your amulet of regeneration. x2
HP restored.
You continue putting on your amulet of regeneration. x3
You finish putting on your amulet of regeneration.
The amulet throbs as it attunes itself to your uninjured body.
e - an amulet of regeneration (around neck)
You see here a rat corpse.
A hobgoblin and a kobold come into view.
The hobgoblin shouts!
The quokka bites you but does no damage.
You barely miss the quokka. The quokka bites you.
You miss the quokka. The quokka bites you. x2
The quokka attacks as you move away! The quokka barely misses you.
The quokka attacks as you move away! The quokka closely misses you.
The quokka twitches its whiskers.
The quokka bites you but does no damage.
You barely miss the quokka. The quokka closely misses you.
You closely miss the quokka. The quokka barely misses you.
You scratch the quokka.
The quokka is almost dead.
The quokka bites you but does no damage.
You barely miss the quokka.
The quokka is almost dead.
The quokka barely misses you.
You claw the quokka!
You kill the quokka!
You scratch the kobold.
You kill the kobold!
You completely miss the hobgoblin.
The hobgoblin hits you but does no damage.
You barely miss the hobgoblin.
The hobgoblin hits you but does no damage.
You claw the hobgoblin!
You kill the hobgoblin!
No target in view!
c - 7 stones (gained 1)
Items here: ) †††.
A ball python comes into view.
Found a fizzy purple potion.
The ball python hisses angrily.
You scratch the ball python.
You kill the ball python!
No target in view!
Found a hand axe.
A frilled lizard comes into view.
A frilled lizard is nearby!
No target in view!
No target in view!
You miss the frilled lizard.
The frilled lizard bites you but does no damage.
You miss the frilled lizard. The frilled lizard bites you.
You claw the frilled lizard!
You kill the frilled lizard!
d - 2 fizzy purple potions (gained 1)
You now have 20 gold pieces (gained 9).
You now have 29 gold pieces (gained 9).
Found a ring mail.
Found a stone staircase leading down.
The kobold shouts!
You hear a bark!
A jackal comes into view.
The kobold hits you with a +0 club.
You closely miss the kobold. The kobold hits you but does no damage.
You completely miss the kobold. The kobold hits you but does no damage.
A hobgoblin comes into view. It is wielding a +0 whip.
You closely miss the jackal.
A jackal comes into view.
The jackal barely misses you. The kobold closely misses you.
The jackal barks!
The hobgoblin shouts!
You scratch the jackal but do no damage.
The jackal bites you but does no damage.
The kobold hits you but does no damage. The jackal barely misses you.
You closely miss the jackal. The jackal completely misses you.
The kobold hits you with a +0 club.
Unknown command.
The kobold attacks as you move away! The kobold hits you with a +0 club.
The jackal attacks as you move away! The jackal bites you.
The jackal closely misses you. The jackal attacks as you move away!
The jackal bites you but does no damage.
The kobold attacks as you move away! The kobold hits you with a +0 club.
The jackal bites you but does no damage.
The jackal attacks as you move away! The jackal barely misses you. x2
You scratch the jackal.
You kill the jackal!
You barely miss the kobold. The kobold hits you but does no damage.
You scratch the kobold.
You kill the kobold!
You claw the jackal!
You kill the jackal!
You claw the hobgoblin!
You kill the hobgoblin!
No target in view!
f - a red potion
Items here: )) †††.
You see here a +0 ring mail.
You see here a +0 ring mail.
There is a stone staircase leading down here.
You now have 38 gold pieces (gained 9).
Found a stone staircase leading down.
An endoplasm comes into view.
Found a scroll labelled ARUHEAXAYV.
Found a viscous puce potion.
The endoplasm quivers.
You see here 3 scrolls labelled OKUCKIEWKEKH.
You claw the endoplasm!
You kill the endoplasm!
No target in view!
g - 3 scrolls labelled OKUCKIEWKEKH
There is a stone staircase leading down here.
You now have 52 gold pieces (gained 14).
An endoplasm comes into view.
The endoplasm quivers.
The endoplasm moves out of view.
An endoplasm is nearby!
The endoplasm barely misses you.
You claw the endoplasm!
You kill the endoplasm!
Your Unarmed Combat skill increases to level 2!
No target in view!
A hobgoblin comes into view.
A hobgoblin is nearby!
The hobgoblin shouts!
Found a lumpy cyan potion.
A quokka comes into view.
You scratch the hobgoblin.
The hobgoblin is severely wounded.
The hobgoblin hits you but does no damage.
A giant cockroach comes into view.
You scratch the hobgoblin.
You kill the hobgoblin!
You scratch the quokka.
The quokka is lightly wounded.
A kobold comes into view. It is wielding a +0 short sword.
The quokka barely misses you.
You miss the quokka.
The quokka is lightly wounded.
The quokka bites you but does no damage.
You barely miss the quokka.
The quokka is lightly wounded.
The kobold shouts!
The quokka bites you but does no damage.
You closely miss the quokka.
The quokka is lightly wounded.
The quokka misses you. The quokka closely misses you.
You closely miss the quokka.
The quokka is lightly wounded.
The giant cockroach barely misses you. The quokka barely misses you.
You scratch the quokka.
The quokka is moderately wounded.
The giant cockroach bites you but does no damage.
The quokka barely misses you.
The giant cockroach attacks as you move away!
The giant cockroach closely misses you.
The quokka twitches its whiskers.
The giant cockroach bites you but does no damage.
The quokka bites you.
The giant cockroach attacks as you move away!
The giant cockroach barely misses you. The quokka attacks as you move away!
The quokka bites you.
The giant cockroach waves its antennae.
You closely miss the giant cockroach.
The giant cockroach completely misses you.
You completely miss the giant cockroach.
The giant cockroach bites you but does no damage. x2
You claw the giant cockroach!
You kill the giant cockroach!
Your Fighting skill increases to level 1!
You miss the kobold.
The kobold hits you with a +0 short sword.
You scratch the kobold.
You kill the kobold!
You barely miss the quokka.
The quokka bites you but does no damage.
You miss the quokka. The quokka closely misses you.
You barely miss the quokka. You claw the quokka.
You kill the quokka!
No target in view!
c - 11 stones (gained 4)
Things that are here:
a +0 short sword; a kobold corpse; a giant cockroach corpse
h - a scroll labelled ARUHEAXAYV
i - a viscous puce potion
j - 2 lumpy cyan potions
Found a helmet.
j - 3 lumpy cyan potions (gained 1)
A hobgoblin comes into view.
The hobgoblin moves out of view.
c - 17 stones (gained 6)
An endoplasm comes into view.
You scratch the hobgoblin.
You kill the hobgoblin!
You have reached level 3!
Your experience leads to an increase in your attributes!
Increase (S)trength, (I)ntelligence, or (D)exterity?
You feel clever. x2; You feel stronger.
A kobold comes into view. It is wielding a +0 club.
Found an iron ring.
The helpless endoplasm fails to defend itself.
You claw the endoplasm!
You kill the endoplasm!
The kobold shouts!
A kobold comes into view. It is wielding a +0 short sword.
The kobold hits you but does no damage.
You claw the kobold!
You kill the kobold!
Things that are here:
a +0 club; 5 stones The kobold hits you but does no damage.
You scratch the kobold.
You kill the kobold!
No target in view!
c - 22 stones (gained 5)
You see here a +0 club.
c - 24 stones (gained 2)
You see here a +0 short sword.
You see here a +0 club.
You now have 67 gold pieces (gained 15).
k - a ring of see invisible
k - a ring of see invisible (left claw)
A kobold comes into view. It is wielding a +0 short sword.
The kobold shouts!
The kobold throws a stone.
The stone hits you but does no damage.
You scratch the kobold.
The kobold is severely wounded.
The kobold hits you but does no damage.
You claw the kobold!
You kill the kobold!
No target in view!
c - 29 stones (gained 5)
You see here a +0 short sword.
c - 36 stones (gained 7)
You open the door.
There is an open door here.
A quokka comes into view.
Found 4 stones.
A kobold comes into view. It is wielding a +0 whip.
The kobold shouts!
The quokka barely misses you. The quokka bites you.
You scratch the quokka.
You kill the quokka!
You see here 4 stones.
The kobold throws a stone.
The stone closely misses you.
The kobold throws a stone.
The stone closely misses you.
The kobold throws a stone.
The stone hits you but does no damage. The kobold hits you with a +0 whip.
You scratch the kobold.
You kill the kobold!
c - 41 stones (gained 5)
You see here a +0 whip.
c - 45 stones (gained 4)
Found a stone staircase leading down.
Found 6 javelins.
You see here 6 javelins.
l - 6 javelins
There is a stone staircase leading down here.
A goblin comes into view. It is wielding a +0 dagger.
The goblin shouts!
Found a leather armour.
The goblin closely misses you.
You closely miss the goblin. The goblin closely misses you.
You scratch the goblin.
The goblin is moderately wounded.
The goblin misses you.
You barely miss the goblin.
The goblin is moderately wounded.
The goblin closely misses you.
You closely miss the goblin.
The goblin is moderately wounded.
The goblin hits you but does no damage.
You barely miss the goblin.
The goblin is moderately wounded.
The goblin hits you with a +0 dagger.
You scratch the goblin but do no damage.
The goblin is moderately wounded.
You closely miss the goblin.
The goblin is moderately wounded.
The goblin closely misses you.
You claw the goblin!
You kill the goblin!
No target in view!
You see here a +0 dagger.
You see here a +0 leather armour.
An endoplasm comes into view.
An endoplasm is nearby!
A ball python comes into view.
Found a scroll labelled GUDIORH JERUU.
The ball python hisses angrily.
You barely miss the endoplasm. The endoplasm freezes you.
You are frozen.
You claw the endoplasm!
You kill the endoplasm!
The ball python bites you.
You scratch the ball python but do no damage.
The ball python closely misses you.
You claw the ball python!
You kill the ball python!
No target in view!
You see here a ball python corpse.
m - a scroll labelled GUDIORH JERUU You see here a +0 short sword.
You open the door.
A bat comes into view.
There is an open door here.
The helpless bat fails to defend itself.
You scratch the bat.
You kill the bat!
Done exploring.
There is a stone staircase leading down here.
Search for what [Enter for "stone", or ? for help]? d:1 Unknown command.
Unknown command.
You climb downwards.
Found a chain mail and a scroll labelled PIEGOE NOSIMIDD.
There is a stone staircase leading up here.
n - a scroll labelled PIEGOE NOSIMIDD Sigmund the Dreaded comes into view.
He is wielding a +0 scythe.
Found a stone staircase leading down.
Sigmund shouts!
Sigmund gestures at you while chanting. The puff of flame hits you!
There is a stone staircase leading down here.
Sigmund points at you and mumbles some strange words.
The magic dart hits you!
You climb downwards.
Found an emerald potion and a leather armour.
There is a stone staircase leading up here.
You start resting.
HP restored. 2 orcs come into view.
Found a whip.
You scratch the ball python.
The ball python is moderately wounded.
The ball python bites you.
You closely miss the ball python. You claw the ball python.
You kill the ball python!
There is a stone staircase leading up here.
A giant cockroach comes into view.
The giant cockroach bites you but does no damage. x2
You see here an emerald potion.
You barely miss the giant cockroach. The giant cockroach bites you.
You closely miss the giant cockroach.
The giant cockroach bites you but does no damage.
You closely miss the giant cockroach.
The giant cockroach bites you but does no damage.
You closely miss the giant cockroach.
The giant cockroach bites you but does no damage.
You scratch the giant cockroach but do no damage.
The giant cockroach bites you but does no damage.
You scratch the giant cockroach.
The giant cockroach is heavily wounded.
The giant cockroach bites you.
You barely miss the giant cockroach.
The giant cockroach is heavily wounded.
The giant cockroach bites you but does no damage.
You closely miss the giant cockroach.
The giant cockroach is heavily wounded.
The giant cockroach barely misses you.
You completely miss the giant cockroach.
The giant cockroach is heavily wounded.
The giant cockroach barely misses you.
The giant cockroach bites you but does no damage.
You closely miss the giant cockroach.
The giant cockroach is moderately wounded.
The giant cockroach bites you.
You scratch the giant cockroach.
You kill the giant cockroach!
o - an emerald potion The orc shouts! x2; You hear a shout!
An orc comes into view. It is wielding a +0 club.
You hear a shout!
An orc comes into view. It is wielding a +0 whip.
The orc shouts!
An orc comes into view. It is wielding a +0 hand axe.
You closely miss the orc. The orc completely misses you.
You closely miss the orc. The orc hits you but does no damage.
You barely miss the orc. The orc closely misses you.
You barely miss the orc. The orc hits you with a +0 mace!
You claw the orc!
You kill the orc!
You claw the orc!
You kill the orc!
You scratch the orc.
The orc is heavily wounded.
The orc hits you but does no damage.
You scratch the orc.
The orc is severely wounded.
The orc hits you with a +0 hand axe.
You claw the orc!
You kill the orc!
The orc closely misses you.
Items here: ))) [ †.
You barely miss the orc. The orc barely misses you.
You barely miss the orc. The orc hits you but does no damage.
You barely miss the orc. The orc closely misses you.
You scratch the orc.
The orc is severely wounded.
The orc hits you but does no damage.
You claw the orc!
You kill the orc!
You scratch the orc.
The orc is lightly wounded.
The orc hits you with a +0 mace.
You claw the orc!
You kill the orc!
Things that are here:
a +0 mace; a +0 club; an orc corpse
Found a stone staircase leading down.
There is a stone staircase leading down here.
You now have 76 gold pieces (gained 9).
A rat comes into view.
Found 12 gold pieces.
The rat barely misses you.
You scratch the rat.
The rat is heavily wounded.
The rat bites you but does no damage.
You claw the rat!
You kill the rat!
No target in view!
An orc comes into view.
It is wielding a +0 short sword. 2 orcs come into view.
Found a dark potion.
The orc shouts! x3
You see here 12 gold pieces.
You see here 12 gold pieces.
You scratch the orc.
The orc is moderately wounded.
The orc closely misses you.
You closely miss the orc.
The orc is moderately wounded.
The orc hits you but does no damage.
A hobgoblin comes into view.
You closely miss the orc.
The orc is moderately wounded.
The orc hits you with a +0 club.
The hobgoblin shouts!
You claw the orc!
You kill the orc!
You barely miss the orc. The orc barely misses you.
You barely miss the orc. The orc hits you but does no damage.
You barely miss the orc. The orc completely misses you.
You scratch the orc but do no damage. The orc closely misses you.
You completely miss the orc. The orc hits you but does no damage.
The hobgoblin closely misses you.
You scratch the orc.
The orc is lightly wounded.
The orc barely misses you. The hobgoblin hits you.
You scratch the hobgoblin.
The hobgoblin is severely wounded.
The orc hits you but does no damage. The hobgoblin barely misses you.
You barely miss the hobgoblin.
The hobgoblin is severely wounded.
The orc barely misses you. The hobgoblin barely misses you.
You barely miss the hobgoblin.
The hobgoblin is severely wounded.
The orc hits you but does no damage. The hobgoblin hits you.
You closely miss the hobgoblin.
The hobgoblin is heavily wounded.
The hobgoblin misses you. The orc hits you but does no damage.
You scratch the hobgoblin but do no damage.
The hobgoblin is heavily wounded.
The orc barely misses you. The hobgoblin hits you.
You scratch the hobgoblin. You claw the hobgoblin.
You kill the hobgoblin!
The orc hits you with a +0 dagger.
You claw the orc!
You kill the orc!
The orc hits you with a +0 short sword.
Items here: $ )) [ †.
You scratch the orc but do no damage. The orc hits you with a +0 short sword.
You scratch the orc.
The orc is moderately wounded.
The orc hits you with a +0 short sword.
You scratch the orc.
The orc is severely wounded.
The orc barely misses you.
You barely miss the orc.
The orc is severely wounded.
The orc hits you with a +0 short sword.
You scratch the orc but do no damage.
The orc is severely wounded.
The orc hits you with a +0 short sword.
You scratch the orc.
You kill the orc!
You now have 88 gold pieces (gained 12).
Items here: )) [ †.
Things that are here:
a +0 short sword; a +0 leather armour
p - a dark potion A dart slug comes into view.
The dart slug launches a dart at you. The slug dart hits you.
You claw the dart slug!
You kill the dart slug!
No target in view!
You see here a dart slug corpse.
You now have 99 gold pieces (gained 11).
You now have 107 gold pieces (gained 8).
A scorpion comes into view.
Found an escape hatch in the floor.
There is an escape hatch in the floor here.
A goblin comes into view. It is wielding a +0 club.
Found a scroll labelled JOYWIA KUCOT.
Found a stone staircase leading down.
Found a ring mail.
The helpless goblin fails to defend itself.
You scratch the goblin.
The goblin is almost dead.
The goblin closely misses you.
You scratch the goblin.
You kill the goblin!
Your Unarmed Combat skill increases to level 3!
No target in view!
A kobold comes into view.
It is wielding a +0 dagger and quivering poisoned darts.
Found 11 gold pieces.
The kobold shouts!
The kobold throws a poisoned dart.
The poisoned dart hits you!
You are poisoned.
You feel sick.
You feel sick. The kobold hits you but does no damage.
You see here a +0 ring mail.
You barely miss the kobold.
You feel sick. The kobold hits you with a +0 dagger.
You scratch the kobold.
The kobold is heavily wounded.
You feel sick. The kobold hits you but does no damage.
You completely miss the kobold.
The kobold is heavily wounded.
You feel sick. The kobold hits you but does no damage.
You barely miss the kobold. Your claw misses the kobold.
The kobold is heavily wounded.
You feel sick.
You are no longer poisoned.
The kobold hits you but does no damage.
You closely miss the kobold.
The kobold is heavily wounded.
The kobold barely misses you.
You barely miss the kobold.
The kobold is heavily wounded.
The kobold hits you but does no damage.
You closely miss the kobold.
The kobold is heavily wounded.
The kobold hits you with a +0 dagger.
You barely miss the kobold.
The kobold is heavily wounded.
The kobold hits you but does no damage.
You claw the kobold!
You kill the kobold!
Things that are here:
a +0 dagger; 7 poisoned darts
q - 7 poisoned darts You see here a +0 ring mail.
r - a scroll labelled JOYWIA KUCOT
There is a stone staircase leading down here.
Found a stone staircase leading up.
You now have 118 gold pieces (gained 11).
Terence the Incautious comes into view.
He is wielding a +2 hand axe of venom.
There is a stone staircase leading down here.
Things that are here:
a +0 club; a goblin corpse Terence shouts!
Press: ? - help, v - describe, . - travel
Here: Terence, wielding a +2 hand axe of venom and wearing a +0 chain mail The floor.
Unknown command.
Throw: 7 darts (poison)
Press: ? - help, Q - select action, (/) - cycle Shift-Dir - straight line, f - Terence
Aim: Terence, wielding a +2 hand axe of venom and wearing a +0 chain mail (62% to hit)
You throw a poisoned dart. The poisoned dart hits Terence.
Throw: 6 darts (poison)
Press: ? - help, Q - select action, (/) - cycle Shift-Dir - straight line, f/p - Terence
Aim: Terence, wielding a +2 hand axe of venom and wearing a +0 chain mail (62% to hit)
You throw a poisoned dart.
The poisoned dart barely misses Terence.
Throw: 5 darts (poison)
Press: ? - help, Q - select action, (/) - cycle Shift-Dir - straight line, f/p - Terence
Aim: Terence, wielding a +2 hand axe of venom and wearing a +0 chain mail (62% to hit)
You throw a poisoned dart.
The poisoned dart closely misses Terence.
Throw: 4 darts (poison)
Press: ? - help, Q - select action, (/) - cycle Shift-Dir - straight line, f/p - Terence
Aim: Terence, wielding a +2 hand axe of venom and wearing a +0 chain mail (62% to hit)
You throw a poisoned dart.
The poisoned dart barely misses Terence.
Throw: 3 darts (poison)
Press: ? - help, Q - select action, (/) - cycle Shift-Dir - straight line, f/p - Terence
Aim: Terence, wielding a +2 hand axe of venom and wearing a +0 chain mail (62% to hit)
You throw a poisoned dart. The poisoned dart hits Terence.
Terence is poisoned.
Unknown command.
You claw Terence!
Terence is moderately wounded.
Terence hits you with a +2 hand axe of venom.
You are poisoned.
You scratch Terence but do no damage.
Terence is heavily wounded.
You feel sick.
Terence hits you with a +2 hand axe of venom.
You are more poisoned.
You scratch Terence but do no damage.
Terence is heavily wounded.
You feel very sick. Terence completely misses you.
You scratch Terence but do no damage.
Terence is heavily wounded.
You feel very sick.
You closely miss Terence. You claw Terence!
You kill Terence!
You feel sick.
You have reached level 4!
You feel sick.
s - a murky dark potion
Things that are here:
a +2 hand axe of venom; a +0 chain mail You feel sick.
You feel sick.
q - 3 poisoned darts (gained 1)
You feel sick.
You feel sick.
You feel sick.
You feel sick.
You feel sick.
You are no longer poisoned.
q - 5 poisoned darts (gained 2)
q - 6 poisoned darts (gained 1)
q - 7 poisoned darts (gained 1)
Found a falchion.
You see here a +0 falchion.
A ball python comes into view.
An adder comes into view.
Found 2 yellow potions.
The adder hisses angrily.
You barely miss the ball python. The ball python barely misses you.
You barely miss the ball python. The ball python completely misses you.
You claw the ball python!
You kill the ball python!
You closely miss the adder. The adder barely misses you. The adder bites you.
You barely miss the adder. The adder bites you.
You are poisoned.
The adder poisons you!
You closely miss the adder.
You feel sick. The adder barely misses you.
You closely miss the adder.
You feel sick. The adder closely misses you. x2
You closely miss the adder.
You feel sick. The adder bites you but does no damage.
You claw the adder!
The adder is almost dead.
You feel sick. The adder bites you but does no damage.
You closely miss the adder.
The adder is almost dead.
You feel sick. The adder bites you.
You closely miss the adder.
The adder is almost dead.
You feel sick.
You are no longer poisoned.
The adder bites you.
You claw the adder!
You kill the adder!
You see here a ball python corpse.
t - 2 yellow potions
Found a club.
An orc comes into view.
It is wielding a +0 vorpal hand axe. 2 orcs come into view.
Found a scroll labelled ARUHEAXAYV.
The orc shouts! x2
An orc comes into view. It is wielding a +0 dagger.
You scratch the orc.
The orc is moderately wounded.
The orc barely misses you.
You claw the orc!
You kill the orc!
You claw the orc!
You kill the orc!
You scratch the orc but do no damage. The orc barely misses you.
You closely miss the orc. You claw the orc!
You kill the orc!
Items here: ))) [[ †.
An orc and an orc priest come into view.
You see here a scroll labelled ARUHEAXAYV.
The orc priest shouts!
The orc shouts!
The orc priest hits you but does no damage.
You barely miss the orc priest.
The orc priest invokes the aid of Beogh against you.
Pain shoots through your body!
You closely miss the orc priest. The orc hits you with a +0 dagger.
The orc priest barely misses you.
You scratch the orc priest.
The orc priest is lightly wounded.
The orc hits you but does no damage. The orc priest hits you with a +0 club.
You closely miss the orc priest.
The orc priest is lightly wounded.
The orc hits you but does no damage.
The orc priest begins to cast a cantrip, but forgets the words!
You claw the orc priest!
The orc priest is almost dead.
The orc hits you but does no damage.
The orc priest drinks a potion.
The orc priest is healed!
You claw the orc priest!
You kill the orc priest!
The orc misses you.
You claw the orc!
You kill the orc!
You have reached level 5!
Things that are here:
a +0 dagger; an orc corpse
h - 2 scrolls labelled ARUHEAXAYV (gained 1)
f - 3 red potions (gained 2) As you open the door, it creaks loudly!
There is an open door here.
There is an open door here.
Found an escape hatch in the ceiling.
There is an escape hatch in the ceiling here.
As you open the door, it creaks loudly!
There is an open door here.
There is an open door here. 2 orcs come into view.
Found a stone staircase leading down.
The orc shouts!
You hear a shout!
An orc comes into view. It is wielding a +0 dagger.
You barely miss the orc. The orc hits you with a +0 mace.
You scratch the orc.
The orc is moderately wounded.
The orc hits you with a +0 mace.
You closely miss the orc.
The orc is moderately wounded.
The orc hits you with a +0 mace.
You claw the orc!
You kill the orc!
Your Fighting skill increases to level 2!
The orc hits you with a +0 dagger.
Things that are here:
a +0 mace; an orc corpse You scratch the orc.
The orc is moderately wounded.
The orc barely misses you.
You scratch the orc.
The orc is heavily wounded.
The orc hits you with a +0 dagger.
You barely miss the orc.
The orc is heavily wounded.
The orc hits you with a +0 dagger.
You closely miss the orc.
The orc is heavily wounded.
The orc barely misses you.
You closely miss the orc.
The orc is heavily wounded.
The orc hits you but does no damage.
You scratch the orc.
The orc is heavily wounded.
The orc barely misses you.
You claw the orc!
You kill the orc!
No target in view!
Found a club.
You see here a +0 club.
Found a blossoming altar of Fedhas.
c - 49 stones (gained 4)
You enter the shallow water.
Moving in this stuff is going to be slow.
You now have 129 gold pieces (gained 11).
You now have 134 gold pieces (gained 5).
The orc hits you with a +0 dagger.
You scratch the orc.
The orc is heavily wounded.
The orc hits you with a +0 dagger.
You scratch the orc.
The orc is severely wounded.
The orc hits you but does no damage.
You claw the orc!
You kill the orc!
Found a hammer.
Found a runed translucent door.
There is a stone staircase leading down here.
A giant cockroach comes into view.
A giant cockroach is nearby!
The giant cockroach bites you but does no damage.
You barely miss the giant cockroach.
The giant cockroach bites you but does no damage.
You claw the giant cockroach!
You kill the giant cockroach!
No target in view!
You see here a giant cockroach corpse.
Found a stone staircase leading up.
There is an escape hatch in the ceiling here.
You open the door.
There is an open door here.
p - 3 dark potions (gained 2)
You now have 148 gold pieces (gained 14).
There is an open door here.
You see here a +0 dagger.
You see here a +0 leather armour.
You see here a +0 leather armour.
There is a stone staircase leading down here.
Crazy Yiuf says, "Seed head stair!"
Crazy Yiuf says, "Crazy?
Crazy!?
PORCUPINE!"
Press: ? - help, v - describe, . - travel
Here: Crazy Yiuf, wielding a +4 quarterstaff of chaos and wearing a +0 cloak (fire blocked by a runed translucent door)
The floor.
Unknown command.
Press: ? - help, v - describe, . - travel
Here: Crazy Yiuf, wielding a +4 quarterstaff of chaos and wearing a +0 cloak (fire blocked by a runed translucent door)
The floor.
You open the door.
You scratch Crazy Yiuf but do no damage.
Crazy Yiuf hits you with a +4 quarterstaff of chaos!
You feel drained.
You closely miss Crazy Yiuf.
Crazy Yiuf yells, "Defame bush hand!"
Crazy Yiuf hits you with a +4 quarterstaff of chaos!
A red film seems to cover your vision as you go berserk!
You feel yourself moving faster!
You feel mighty!
You claw Crazy Yiuf!
Crazy Yiuf is heavily wounded.
Crazy Yiuf barely misses you.
You mangle Crazy Yiuf!!
You kill Crazy Yiuf!
Your life force feels restored.
Your Unarmed Combat skill increases to level 4!
No target in view!
d - 3 potions of heal wounds (gained 1)
There is an open translucent door, spattered with blood here.
Things that are here:
a +4 quarterstaff of chaos; a +0 cloak
u - a +0 cloak You feel a strong urge to attack something.
You feel your anger nearly subside.
You are no longer berserk.
You are exhausted.
You feel yourself slow down.
You start putting on your armour.
You continue putting on your +0 cloak. x4
You finish putting on your +0 cloak.
You start waiting.
You feel yourself speed up.
Done exploring.
There is an open translucent door, spattered with blood here.
You see here a +4 quarterstaff of chaos.
You recover from your berserk rage.
There is a stone staircase leading down here.
You climb downwards.
There is a stone staircase leading up here.
You claw the orc!
You kill the orc!
No target in view! 2 orcs come into view.
The orc shouts!
You hear a shout!
An orc comes into view. It is wielding a +0 flail.
You scratch the orc.
The orc is heavily wounded.
The orc hits you with a +0 flail.
You claw the orc!
You kill the orc!
You claw the orc!
You kill the orc!
No target in view!
No target in view!
An orc comes into view. It is wielding a +0 mace.
Things that are here:
a +0 club; a +0 flail; an orc corpse
Things that are here:
a +0 short sword; a +0 leather armour The orc shouts!
You scratch the orc.
The orc is lightly wounded.
The orc hits you with a +0 mace.
You closely miss the orc.
The orc is lightly wounded.
The orc closely misses you.
Things that are here:
a +0 club; a +0 flail; an orc corpse You claw the orc!
You kill the orc!
You scratch the orc.
The orc is heavily wounded.
The orc misses you.
You claw the orc!
You kill the orc!
No target in view!
Items here: )))) ††.
A sky beast and a goblin come into view.
There are monsters nearby!
The sky beast flickers out of sight for a moment.
Press: ? - help, v - describe, . - travel
Here: a sky beast (slightly transparent)
The floor.
Throw: 7 darts (poison)
Press: ? - help, Q - select action, (/) - cycle Shift-Dir - straight line, f - sky beast
Aim: a sky beast (slightly transparent, 43% to hit)
You throw a poisoned dart. The poisoned dart misses the sky beast.
Unknown command.
Throw: 6 darts (poison)
Press: ? - help, Q - select action, (/) - cycle Shift-Dir - straight line, f/p - sky beast
Aim: a sky beast (slightly transparent, 43% to hit)
You throw a poisoned dart.
The poisoned dart closely misses the sky beast.
Unknown command.
Throw: 5 darts (poison)
Press: ? - help, Q - select action, (/) - cycle Shift-Dir - straight line, f/p - sky beast
Aim: a sky beast (slightly transparent, 43% to hit)
You throw a poisoned dart. The poisoned dart hits the sky beast.
Unknown command.
You closely miss the sky beast. The sky beast barely misses you.
You scratch the sky beast but do no damage.
The sky beast closely misses you.
You scratch the sky beast.
The sky beast is lightly wounded.
The sky beast barely misses you.
You barely miss the sky beast.
The sky beast is lightly wounded.
The sky beast misses you.
You claw the sky beast!
The sky beast is heavily wounded.
The sky beast closely misses you.
You closely miss the sky beast.
The sky beast is heavily wounded.
You barely miss the sky beast.
The sky beast is heavily wounded.
The sky beast barely misses you.
You scratch the sky beast.
The sky beast is severely wounded.
The sky beast hits you. The sky beast shocks you.
You scratch the sky beast but do no damage.
The sky beast is severely wounded.
The sky beast hits you but does no damage.
You claw the sky beast!
You kill the sky beast!
Your Dodging skill increases to level 2!
You have reached level 6!
You feel stronger.
HP restored.
q - 5 poisoned darts (gained 1)
The helpless goblin fails to defend itself.
You mangle the goblin!!
You kill the goblin!
No target in view!
q - 6 poisoned darts (gained 1)
A ball python and a giant cockroach come into view.
There are monsters nearby!
There are monsters nearby!
Found a scroll labelled HAGGOHOEBB.
The giant cockroach bites you but does no damage.
You claw the giant cockroach!
You kill the giant cockroach!
The ball python hisses angrily.
You claw the ball python!
You kill the ball python!
No target in view!
v - a scroll labelled HAGGOHOEBB
Found a stone staircase leading up.
A ball python comes into view.
No target in view!
No target in view!
The ball python misses you.
You claw the ball python!
You kill the ball python!
No target in view!
Found a stone staircase leading up.
Unknown command.
w - a scroll labelled QAIR OTHULEWNEGY A kobold comes into view.
It is wielding a +0 dagger.
You see here a smoky silvery potion.
x - a smoky silvery potion The kobold hits you with a +0 dagger.
You scratch the kobold.
The kobold is severely wounded.
The kobold misses you.
You claw the kobold!
You kill the kobold!
No target in view!
c - 53 stones (gained 4)
Things that are here:
a +0 dagger; a kobold corpse
Found a club.
You see here a +0 club.
An endoplasm comes into view.
An ogre comes into view. It is wielding a +0 giant club.
The ogre shouts!
The endoplasm quivers.
The endoplasm hits you.
You barely miss the endoplasm. The endoplasm freezes you.
You are frozen.
You claw the endoplasm!
You kill the endoplasm!
You closely miss the ogre. The ogre closely misses you.
You barely miss the ogre. You barely miss the ogre.
The ogre hits you with a +0 giant club!
You barely miss the ogre. You claw the ogre!
The ogre is heavily wounded.
The ogre hits you with a +0 giant club!
You completely miss the ogre.
The ogre is heavily wounded.
The ogre closely misses you.
You claw the ogre!
The ogre is almost dead.
You barely miss the ogre.
The ogre is almost dead.
The ogre hits you with a +0 giant club!!
* * * LOW HITPOINT WARNING * * *
You completely miss the ogre.
The ogre is almost dead.
The ogre hits you with a +0 giant club!!
You die...

Skill      XL: |  1  2  3  4  5 |
---------------+----------------+-----
Unarmed Combat | 1 2 3 4 |  4.6
Fighting       | 1 2 |  2.4
Dodging        | 2 |  2.1
Stealth        | |  1.0
Spellcasting   | |  1.2
Transmutations | |  0.6
Earth Magic    | |  2.6

Action                   |  1- 3 |  4- 6 || total
-------------------------+-------+-------++-------
Melee: Unarmed           |   155 |    81 ||   236
       Punch             |     4 |       ||     4
Throw: Dart              |     5 |     3 ||     8
 Stab: Sleeping          |     3 |     1 ||     4
Armor: Robe              |    59 |    12 ||    71
Dodge: Dodged            |    66 |    26 ||    92

Levels and vault maps discovered:
D:1:      dpeg_arrival_signposts, layout_basic, chequers_serial_rivers_micro_c,
          minmay_pentomino_z4
D:2:      layout_loops_cross, uniq_natasha, uniq_sigmund
D:3:      layout_basic, fedhas_altar_2, uniq_crazy_yiuf_cottage, uniq_terence
D:4:      layout_loops_ring, lemuel_zombie_altar_yredelemnul, serial_forest,
          infiniplex_forest_straight_2, infiniplex_forest_clump_C,
          infiniplex_forest_clump_double, infiniplex_forest_straight_4,
          infiniplex_forest_clump_double, infiniplex_forest_straight_4,
          infiniplex_forest_lined_corner

Notes
Turn   | Place    | Note
-------+----------+-------------------------------------------
     0 | D:1      | scionoferis the Troll Earth Elementalist began the quest
                  | for the Orb.
     0 | D:1      | Reached XP level 1. HP: 16/16 MP: 1/1
   136 | D:1      | Reached skill level 1 in Unarmed Combat
   142 | D:1      | Reached XP level 2. HP: 24/26 MP: 2/2
   425 | D:1      | Reached skill level 2 in Unarmed Combat
   447 | D:1      | Reached skill level 1 in Fighting
   497 | D:1      | Reached XP level 3. HP: 33/33 MP: 3/3
   818 | D:2      | Noticed Sigmund
  1097 | D:3      | Noticed a scorpion
  1169 | D:3      | Reached skill level 3 in Unarmed Combat
  1199 | D:3      | Noticed Terence
  1232 | D:3      | Killed Terence
  1233 | D:3      | Reached XP level 4. HP: 26/41 MP: 4/4
  1346 | D:3      | Reached XP level 5. HP: 49/49 MP: 5/5
  1457 | D:3      | Reached skill level 2 in Fighting
  1524 | D:3      | Found a blossoming altar of Fedhas.
  1585 | D:3      | Found a runed translucent door.
  1586 | D:3      | Noticed Crazy Yiuf
  1919 | D:3      | Killed Crazy Yiuf
  1920 | D:3      | Reached skill level 4 in Unarmed Combat
  2003 | D:4      | Noticed a sky beast
  2023 | D:4      | Killed a sky beast
  2024 | D:4      | Reached skill level 2 in Dodging
  2024 | D:4      | Reached XP level 6. HP: 56/59 MP: 6/6
  2163 | D:4      | Mangled by an ogre

Vanquished Creatures
  A sky beast (D:4)
  Crazy Yiuf (D:3)
  An orc priest (D:3)
  Terence (D:3)
  An adder (D:3)
  A dart slug (D:3)
  20 orcs (D:3 D:4)
  8 ball pythons (D:1 D:3 D:4)
  2 bats (D:1)
  5 endoplasms (D:1 D:4)
  4 giant cockroaches (D:1 D:3 D:4)
  3 goblins (D:1 D:3 D:4)
  7 hobgoblins (D:1 D:3)
  2 jackals (D:1)
  9 kobolds (D:1 D:3 D:4)
  3 quokkas (D:1)
  A frilled lizard (D:1)
  3 rats (D:1 D:3)
73 creatures vanquished.

Table legend: (Time is in decaauts)
 A = Elapsed time spent in this place.
 B = Non-inter-level travel time spent in this place.
 C = Inter-level travel time spent in this place.
 D = Time resting spent in this place.
 E = Time spent auto-exploring this place.
 F = Levels seen in this place.
 G = Mean time per level.
                   A        B        C        D        E       F      G
               +--------+--------+--------+--------+--------+-----+--------+
         Total |   2160 |   2122 |     38 |     32 |   1509 |   4 |  540.0 |
       Dungeon |   2160 |   2122 |     38 |     32 |   1509 |   4 |  540.0 |
               +--------+--------+--------+--------+--------+-----+--------+

Top non-repeatable levels by time:
     D:3: 1146 daAuts
     D:1: 801 daAuts
     D:4: 195 daAuts
     D:2: 16 daAuts

Table legend:
 A = Non-vault XP
 B = Vault XP
 C = Vault XP percentage of total XP
 D = Non-vault monster count
 E = Vault monster count
 F = Vault count percentage of total count
                 A         B        C        D         E       F
            +---------+---------+-------+---------+---------+-------
      Total |     323 |      81 |  20.0 |      68 |       5 |   6.8
            +---------+---------+-------+---------+---------+-------
        D:1 |      52 |       5 |   8.8 |      30 |       3 |   9.1
        D:3 |     115 |      76 |  39.8 |      26 |       2 |   7.1
        D:4 |     156 |       0 |   0.0 |      12 |       0 |   0.0
            +---------+---------+-------+---------+---------+-------
